[Event "Titled Tuesday Blitz June 13 Early 2023"]
[White "Timerkhanov, Alexander"]
[Black "Garcia Cuenca, Victor"]
[WhiteFideId "24177938"]
[BlackFideId "2250829"]
[WhiteElo "2278"]
[BlackElo "2329"]
[Result "1-0"]
[Round "11"]
[TimeControl "180+2"]
[Date "2023.06.13"]
[WhiteClock "0:00:57"]
[BlackClock "0:00:02"]
[Board "37"]

1. d4 Nf6 2. Bg5 Ne4 3. Bf4 c5 4. f3 Qa5+ 5. c3 Nf6 6. d5 e6 7. e4 exd5 8. exd5 d6 9. Qd2 Be7 10. c4 Qxd2+ 11. Kxd2 O-O 12. Nc3 a6 13. g4 Re8 14. Bg3 Nbd7 15. h3 Bf8 16. f4 g6 17. Bd3 b6 18. Nf3 Bb7 19. a4 Bg7 20. f5 Bf8 21. Rae1 Rxe1 22. Rxe1 Re8 23. Rxe8 Nxe8 24. g5 Ng7 25. f6 Nh5 26. Bh2 h6 27. h4 hxg5 28. hxg5 Bc8 29. Ne4 b5 30. cxb5 axb5 31. Bxb5 Nb6 32. Nxd6 Bg4 33. Ne5 Bxd6 34. Nxg4 Bxh2 35. Nxh2 Nxd5 36. a5 Nc7 37. Bc4 Ng3 38. Nf3 Ne4+ 39. Kd3 Nd6 40. Ne5 Kf8 41. Nd7+ Ke8 42. Nxc5 Kd8 43. b4 Kc8 44. Ne4 Nxc4 45. Kxc4 Ne6 46. b5 Kb7 47. Nd6+ Ka7 48. Nxf7 Kb7 49. b6 Ka6 50. Nd6 Nd8 51. f7 Ne6 52. b7 Ka7 53. a6 Nf8 54. Nb5+ Kb8 55. Nd4 Ka7 56. Nc6+ Kxa6 57. b8=Q Nd7 58. Qa7# 1-0


[Site "https://www.chess.com"]

[Event "Titled Tuesday Blitz June 13 Early 2023"]
[White "Safin, Robert"]
[Black "Herzog2012"]
[WhiteFideId "34189120"]
[WhiteElo "2341"]
[BlackElo "2446"]
[Result "1/2-1/2"]
[Round "11"]
[TimeControl "180+2"]
[Date "2023.06.13"]
[WhiteClock "0:00:06"]
[BlackClock "0:00:03"]
[Board "38"]

1. e4 c5 2. c3 Nf6 3. e5 Nd5 4. Nf3 Nc6 5. d4 cxd4 6. Bc4 Nb6 7. Bb3 d6 8. exd6 Qxd6 9. O-O Be6 10. Nxd4 Nxd4 11. cxd4 Bxb3 12. Qxb3 e6 13. Nc3 Be7 14. d5 exd5 15. Rd1 O-O 16. Nxd5 Nxd5 17. Rxd5 Qe6 18. Be3 b6 19. Rad1 Rfd8 20. a4 Rxd5 21. Qxd5 Qxd5 22. Rxd5 Rd8 23. Rxd8+ Bxd8 24. Kf1 f5 25. Ke2 Kf7 26. Kd3 Ke6 27. Kc4 a6 28. Bf4 g5 29. Bb8 g4 30. b4 h5 31. h3 gxh3 32. gxh3 Bh4 33. f3 Bf2 34. b5 a5 35. Bc7 Bg1 36. Bb8 Bf2 37. Bc7 Kd7 38. Be5 Ke6 39. Bd4 Bxd4 40. Kxd4 Kd6 41. f4 h4 42. Kc4 Ke6 43. Kd4 Kd6 44. Kc4 Ke6 45. Kd4 Kd6 1/2-1/2


[Site "https://www.chess.com"]

[Event "Titled Tuesday Blitz June 13 Early 2023"]
[White "Miranda, Rafael"]
[Black "Shimanov, Aleksandr"]
[WhiteFideId "130990"]
[BlackFideId "4198603"]
[WhiteElo "2204"]
[BlackElo "2631"]
[Result "0-1"]
[Round "11"]
[TimeControl "180+2"]
[Date "2023.06.13"]
[WhiteClock "0:00:51"]
[BlackClock "0:00:43"]
[Board "39"]

1. e4 d6 2. d4 Kd7 3. Nc3 Qe8 4. Nf3 Kd8 5. a4 e6 6. Be2 Be7 7. O-O Bd7 8. Be3 Nf6 9. h3 Nc6 10. a5 a6 11. Qd2 d5 12. Ne5 Bb4 13. Nxc6+ Bxc6 14. e5 Ne4 15. Nxe4 Bxd2 16. Nxd2 Bb5 17. c4 dxc4 18. Nxc4 Qd7 19. Rfc1 Ke8 20. Bf3 Rb8 21. Nd2 h6 22. Ne4 Kf8 23. Nc5 Qc8 24. d5 exd5 25. Bxd5 Bc6 26. Rd1 Bxd5 27. Rxd5 Kg8 28. Rad1 Kh7 29. Rd7 b6 30. Ne4 Rf8 31. R1d4 Qe8 32. f4 bxa5 33. Rxc7 Rxb2 34. Nd6 Qe6 35. Rc5 Qa2 0-1


[Site "https://www.chess.com"]

[Event "Titled Tuesday Blitz June 13 Early 2023"]
[White "ArtemDyachuk"]
[Black "Tari, Aryan"]
[BlackFideId "1510045"]
[WhiteElo "2630"]
[BlackElo "2586"]
[Result "0-1"]
[Round "11"]
[TimeControl "180+2"]
[Date "2023.06.13"]
[WhiteClock "0:00:00"]
[BlackClock "0:01:25"]
[Board "40"]

1. Nf3 b6 2. e4 Bb7 3. Nc3 c5 4. d4 cxd4 5. Nxd4 e6 6. Ndb5 Nf6 7. Bf4 Na6 8. Bd6 Nxe4 9. Nxe4 Bxe4 10. Bxf8 Kxf8 11. Nd6 Nc5 12. b4 Qf6 13. bxc5 Qc3+ 14. Ke2 Bxc2 15. Qd2 Qxa1 16. Qxc2 Qe5+ 17. Qe4 Qxe4+ 18. Nxe4 f5 19. Nd2 bxc5 20. Kd3 d5 21. f4 Ke7 22. Be2 Rhb8 23. Nf3 Rb2 24. Ne5 Kd6 25. Bf3 Rab8 26. Nf7+ Ke7 27. Ne5 R8b6 28. Re1 Rxa2 29. Kc3 Rba6 30. Bxd5 exd5 0-1


[Site "https://www.chess.com"]

[Event "Titled Tuesday Blitz June 13 Early 2023"]
[White "Vakhlamov, Igor L."]
[Black "Ibadov, Dashgyn"]
[WhiteFideId "24126748"]
[BlackFideId "24107514"]
[WhiteElo "2407"]
[BlackElo "2208"]
[Result "1-0"]
[Round "11"]
[TimeControl "180+2"]
[Date "2023.06.13"]
[WhiteClock "0:00:52"]
[BlackClock "0:00:09"]
[Board "41"]

1. e4 e6 2. d4 d5 3. Nc3 Nf6 4. Bd3 Be7 5. e5 Nfd7 6. Qg4 Kf8 7. Nf3 c5 8. dxc5 Nc6 9. Bf4 Nxc5 10. O-O Nxd3 11. cxd3 f5 12. Qg3 h6 13. h4 Qe8 14. Nb5 Qh5 15. Nfd4 Bd7 16. Qf3 Qxf3 17. Nxf3 Nxe5 18. Nxe5 Bxb5 19. Ng6+ Kf7 20. Nxh8+ Rxh8 21. Rfc1 Bc6 22. g3 g5 23. Be5 Rg8 24. hxg5 hxg5 25. d4 Bd8 26. f3 Bb6 27. Kf2 g4 28. Rh1 gxf3 29. Rh7+ Ke8 30. Kxf3 Kd8 31. Rah1 Bb5 32. Rxb7 Bd3 33. Rhh7 Be4+ 34. Kf2 1-0


[Site "https://www.chess.com"]

[Event "Titled Tuesday Blitz June 13 Early 2023"]
[White "Atakhan, Abtin"]
[Black "Nagare Kaivalya Sandip"]
[WhiteFideId "22502203"]
[BlackFideId "25957929"]
[WhiteElo "2008"]
[BlackElo "2024"]
[Result "0-1"]
[Round "11"]
[TimeControl "180+2"]
[Date "2023.06.13"]
[WhiteClock "0:00:00"]
[BlackClock "0:00:29"]
[Board "42"]

1. d4 Nf6 2. c4 e6 3. Nf3 d5 4. Nc3 Bb4 5. Bg5 h6 6. Bxf6 Qxf6 7. e3 O-O 8. Rc1 c5 9. cxd5 exd5 10. dxc5 Nc6 11. a3 Bxc3+ 12. Rxc3 Bg4 13. Be2 Rad8 14. Nd4 Bxe2 15. Kxe2 Qg6 16. Kf1 Rfe8 17. f3 Ne5 18. Kf2 Qf6 19. Re1 Re7 20. Kg1 Rde8 21. b3 Nc6 22. Nxc6 bxc6 23. Rd3 Qf4 24. Qd2 Qg5 25. b4 f5 26. g3 f4 27. Kf2 fxg3+ 28. hxg3 Qf5 29. Rd4 Qh3 30. Rh4 Qf5 31. Rf4 Qh3 32. Rh4 Qf5 33. Kg2 Qe5 34. Rd4 Rf8 35. Qd3 Ref7 36. Rf1 Qh5 37. Qd1 Qg5 38. Qe2 Qe5 39. Qd2 g5 40. g4 h5 41. Rh1 h4 42. f4 gxf4 43. exf4 Rxf4 44. Rxf4 Rxf4 45. Rxh4 Qg5 46. Kg3 Rf3+ 47. Kxf3 Qxd2 48. Rh3 Kg7 0-1


[Site "https://www.chess.com"]

[Event "Titled Tuesday Blitz June 13 Early 2023"]
[White "Ezat, Mohamed"]
[Black "Klukin, Kirill"]
[WhiteFideId "10600906"]
[BlackFideId "24199273"]
[WhiteElo "2372"]
[BlackElo "2344"]
[Result "0-1"]
[Round "11"]
[TimeControl "180+2"]
[Date "2023.06.13"]
[WhiteClock "0:00:00"]
[BlackClock "0:00:02"]
[Board "43"]

1. d4 Nf6 2. c4 Nc6 3. d5 Ne5 4. f4 Nxc4 5. e4 Nb6 6. Nc3 e6 7. a4 Bb4 8. Bd3 exd5 9. e5 Ne4 10. Ne2 Bxc3+ 11. bxc3 d6 12. a5 Nd7 13. a6 O-O 14. Bxe4 dxe4 15. exd6 Nc5 16. dxc7 Nd3+ 17. Kf1 Qxc7 18. Be3 bxa6 19. h3 a5 20. Kg1 Rd8 21. Qa4 Rb8 22. Qxa5 Qxa5 23. Rxa5 Rb2 24. Nd4 Ne1 25. Rh2 Nc2 26. g4 Rb1+ 27. Kf2 Nxd4 28. Bxd4 Rb2+ 29. Kg3 Rxh2 30. Kxh2 a6 31. f5 h5 32. Kg3 hxg4 33. hxg4 f6 34. Rc5 Bd7 35. Rd5 Kf8 36. Bb6 Rb8 37. Bc7 Rb3 38. Rxd7 Rxc3+ 39. Kf4 e3 40. Kf3 Kg8 41. g5 fxg5 42. Be5 Rc5 43. Re7 Kf8 44. Bd6 Rxf5+ 45. Kxe3 Kg8 46. Re4 Rf6 0-1


[Site "https://www.chess.com"]

[Event "Titled Tuesday Blitz June 13 Early 2023"]
[White "robertoalejandro10"]
[Black "Priasmoro, Novendra"]
[BlackFideId "7105029"]
[WhiteElo "2606"]
[BlackElo "2412"]
[Result "0-1"]
[Round "11"]
[TimeControl "180+2"]
[Date "2023.06.13"]
[WhiteClock "0:00:16"]
[BlackClock "0:00:56"]
[Board "44"]

1. Nf3 Nf6 2. c4 g6 3. b3 Bg7 4. Bb2 O-O 5. g3 c6 6. Bg2 d5 7. O-O Bg4 8. d3 Bxf3 9. Bxf3 e6 10. Nd2 Ne8 11. Bxg7 Nxg7 12. Bg2 a5 13. a3 Nd7 14. Qc2 Nf5 15. Nf3 Qb6 16. Rab1 Rfd8 17. b4 a4 18. Rfc1 Nd4 19. Nxd4 Qxd4 20. Qb2 Qb6 21. h4 h5 22. Bf3 Rac8 23. Kg2 Qa7 24. g4 hxg4 25. Bxg4 d4 26. Qd2 Qb8 27. Qg5 Qe5 28. Qxe5 Nxe5 29. Bf3 Kg7 30. Rh1 Rh8 31. c5 Rh6 32. b5 Nxf3 33. Kxf3 Rh5 34. bxc6 bxc6 35. Rb4 Ra8 36. Rc4 e5 37. Rb4 Ra5 38. Rc1 Rxh4 39. Rb6 Rf4+ 40. Kg2 Rf6 41. Rc4 Re6 42. Rbb4 Re8 43. Rxa4 Rea8 44. Rxa5 Rxa5 45. a4 Kf6 46. Kf3 Ke6 47. e3 dxe3 48. fxe3 f5 49. e4 Kf6 50. exf5 gxf5 51. Ke3 Ke6 52. Rh4 Rxc5 53. Rh6+ Kd5 54. Rh5 f4+ 55. Kd2 Ra5 56. Rh8 Rxa4 57. Rd8+ Ke6 58. Kc3 f3 59. Rf8 Rf4 60. Rxf4 exf4 61. Kd2 Ke5 62. Ke1 Kd4 63. Kf2 Kxd3 64. Kxf3 c5 65. Kxf4 c4 66. Kf3 c3 67. Kf2 c2 68. Ke1 c1=Q+ 69. Kf2 Qf4+ 70. Kg2 Ke2 71. Kh3 Qg5 72. Kh2 Kf2 0-1


[Site "https://www.chess.com"]

[Event "Titled Tuesday Blitz June 13 Early 2023"]
[White "Csonka, Balazs"]
[Black "Spata, German"]
[WhiteFideId "742910"]
[BlackFideId "113026"]
[WhiteElo "2404"]
[BlackElo "2260"]
[Result "1-0"]
[Round "11"]
[TimeControl "180+2"]
[Date "2023.06.13"]
[WhiteClock "0:00:09"]
[BlackClock "0:00:11"]
[Board "45"]

1. d4 e6 2. c4 Nf6 3. Nf3 d5 4. g3 Bb4+ 5. Bd2 Bxd2+ 6. Nbxd2 O-O 7. Bg2 c6 8. O-O b6 9. Qc2 Bb7 10. e4 Nbd7 11. e5 Ne8 12. cxd5 cxd5 13. h4 h6 14. Rac1 a6 15. g4 f5 16. exf6 Qxf6 17. g5 hxg5 18. Nxg5 Qh6 19. Rce1 Rf6 20. Ndf3 Rc8 21. Qa4 b5 22. Qa3 Rf4 23. Rxe6 Nef6 24. Rfe1 Rxh4 25. Nxh4 Qxh4 26. Qg3 Qxd4 27. Re7 Rc2 28. Rxg7+ Kh8 29. Qh3+ Kxg7 30. Ne6+ Kg6 31. Nxd4 1-0


[Site "https://www.chess.com"]

[Event "Titled Tuesday Blitz June 13 Early 2023"]
[White "Bodnaruk, Anastasia"]
[Black "Postny, Evgeny"]
[WhiteFideId "4181751"]
[BlackFideId "2804344"]
[WhiteElo "2304"]
[BlackElo "2504"]
[Result "0-1"]
[Round "11"]
[TimeControl "180+2"]
[Date "2023.06.13"]
[WhiteClock "0:00:33"]
[BlackClock "0:00:31"]
[Board "46"]

1. e4 c5 2. Nc3 g6 3. g3 Bg7 4. Bg2 Nc6 5. d3 d6 6. Be3 Nf6 7. h3 Nd4 8. Qd2 O-O 9. Nd1 e5 10. c3 Ne6 11. Ne2 d5 12. O-O d4 13. cxd4 cxd4 14. Bh6 Bxh6 15. Qxh6 Kh8 16. Qd2 Nh5 17. f4 exf4 18. gxf4 f5 19. e5 Bd7 20. b3 Bc6 21. Bxc6 bxc6 22. Qe1 g5 23. fxg5 Qxg5+ 24. Kh2 Rg8 25. Qf2 f4 26. Ng1 Qg3+ 27. Kh1 Qxd3 28. Kh2 Rg3 29. Nb2 Qg6 30. Rad1 Rg8 31. Rd2 Qf5 32. Nc4 Ng5 33. Nd6 Rxh3+ 34. Nxh3 Qxh3+ 35. Kg1 Nf3# 0-1


[Site "https://www.chess.com"]

[Event "Titled Tuesday Blitz June 13 Early 2023"]
[White "Venkatesh, M.R."]
[Black "Wagner, Dennis"]
[WhiteFideId "5005779"]
[BlackFideId "24650684"]
[WhiteElo "2450"]
[BlackElo "2478"]
[Result "0-1"]
[Round "11"]
[TimeControl "180+2"]
[Date "2023.06.13"]
[WhiteClock "0:00:00"]
[BlackClock "0:01:40"]
[Board "47"]

1. e4 c5 2. Nc3 d6 3. d4 cxd4 4. Qxd4 Nc6 5. Qd2 Nf6 6. b3 e6 7. Bb2 d5 8. exd5 exd5 9. O-O-O Be6 10. f4 Bb4 11. Qd3 d4 12. Ne4 Nxe4 13. Qxe4 Qa5 14. Kb1 Bc3 15. Nf3 O-O-O 0-1


[Site "https://www.chess.com"]

[Event "Titled Tuesday Blitz June 13 Early 2023"]
[White "Srihari L R"]
[Black "Omelja, Artem"]
[WhiteFideId "46617116"]
[BlackFideId "14119846"]
[WhiteElo "2334"]
[BlackElo "2404"]
[Result "1-0"]
[Round "11"]
[TimeControl "180+2"]
[Date "2023.06.13"]
[WhiteClock "0:00:07"]
[BlackClock "0:00:00"]
[Board "48"]

1. Nf3 Nf6 2. c4 e6 3. Nc3 d5 4. d4 Be7 5. Bg5 O-O 6. e3 Nbd7 7. Qc2 c6 8. cxd5 exd5 9. Bd3 h6 10. Bh4 Re8 11. O-O Ne4 12. Bxe7 Qxe7 13. Rab1 a5 14. Bxe4 dxe4 15. Nd2 Nf6 16. a4 Bd7 17. Nc4 b5 18. axb5 cxb5 19. Ne5 Rec8 20. Qd2 b4 21. Ne2 Bb5 22. Rfc1 Nd7 23. Nxd7 Qxd7 24. Nf4 Rxc1+ 25. Rxc1 Rc8 26. h3 Rc7 27. d5 Rxc1+ 28. Qxc1 Qd6 29. Qc8+ Kh7 30. Qf5+ Kg8 31. Qxe4 a4 32. Qb1 a3 33. bxa3 bxa3 34. Qxb5 Qe5 35. Nd3 Qc3 36. Nb4 Qa1+ 37. Kh2 Qe5+ 38. g3 Qb2 39. Kg2 a2 40. Qe8+ Kh7 41. Nxa2 Qxa2 42. Qxf7 Qc2 43. g4 Qe4+ 44. Qf3 Qe7 45. Qf5+ Kh8 46. Qe6 Qb7 47. e4 h5 48. d6 hxg4 49. hxg4 Qc6 50. Qe7 Qc5 51. Qe8+ Kh7 52. Qh5+ Qxh5 53. gxh5 1-0


[Site "https://www.chess.com"]

[Event "Titled Tuesday Blitz June 13 Early 2023"]
[White "feuervogel1000000"]
[Black "Martinez Ramirez, Lennis"]
[BlackFideId "3509079"]
[WhiteElo "2533"]
[BlackElo "2410"]
[Result "0-1"]
[Round "11"]
[TimeControl "180+2"]
[Date "2023.06.13"]
[WhiteClock "0:01:27"]
[BlackClock "0:01:01"]
[Board "49"]

1. e4 c5 2. Nf3 Nc6 3. d4 cxd4 4. Nxd4 Nf6 5. Nc3 e5 6. Ndb5 d6 7. Bg5 a6 8. Na3 b5 9. Nd5 Be7 10. Bxf6 Bxf6 11. c4 b4 12. Nc2 O-O 13. Ncxb4 Nxb4 14. Nxb4 Qb6 15. Qd2 Rb8 16. Nd3 Qd4 17. f3 Be6 18. Qf2 Qxc4 19. Be2 Rxb2 20. Nxb2 Qc3+ 21. Kf1 Qxb2 22. Qe1 Bh4 23. Qc1 Qd4 24. g3 Bh3+ 25. Ke1 Bg5 26. f4 exf4 27. Rb1 Qxe4 28. Kf2 fxg3+ 0-1


[Site "https://www.chess.com"]

[Event "Titled Tuesday Blitz June 13 Early 2023"]
[White "Skvortsov, Andrei"]
[Black "Aarav Dengla"]
[WhiteFideId "24108600"]
[BlackFideId "45059756"]
[WhiteElo "2259"]
[BlackElo "2288"]
[Result "0-1"]
[Round "11"]
[TimeControl "180+2"]
[Date "2023.06.13"]
[WhiteClock "0:01:42"]
[BlackClock "0:01:16"]
[Board "50"]

1. d4 d5 2. c4 e6 3. Nc3 a6 4. cxd5 exd5 5. Nf3 h6 6. Qb3 Nf6 7. e4 Nxe4 8. Nxe4 dxe4 9. Ne5 Qe7 10. Bc4 Qb4+ 11. Ke2 Qxb3 12. Bxb3 Be6 13. Bxe6 fxe6 14. Ke3 Bd6 15. Ng6 Rg8 16. Kxe4 Nd7 17. Bf4 Kf7 18. Ne5+ Bxe5 19. Bxe5 Nxe5 20. Kxe5 Rgd8 21. Rac1 Rd5+ 22. Ke4 c6 23. Rc3 Rad8 24. Rd1 e5 25. Rcd3 Ke6 26. dxe5 Rxe5+ 27. Kf3 Rf8+ 28. Kg3 Rg5+ 29. Kh3 Rxf2 30. Re3+ Kf5 31. Rf3+ Rxf3+ 32. gxf3 Kf4 33. Rd7 b5 34. Rf7+ Ke3 35. f4 Rg1 36. f5 c5 37. f6 gxf6 38. Rxf6 Rb1 39. Rxh6 Rxb2 40. Rxa6 c4 41. Kg3 c3 42. Rc6 c2 43. h4 Rxa2 44. h5 Kd2 45. Rd6+ Kc3 46. Rc6+ Kb2 47. h6 c1=Q 0-1


[Site "https://www.chess.com"]

[Event "Titled Tuesday Blitz June 13 Early 2023"]
[White "Turzo, Attila"]
[Black "Ashraf, Artin"]
[WhiteFideId "704954"]
[BlackFideId "22514805"]
[WhiteElo "2522"]
[BlackElo "2224"]
[Result "1-0"]
[Round "11"]
[TimeControl "180+2"]
[Date "2023.06.13"]
[WhiteClock "0:00:16"]
[BlackClock "0:00:00"]
[Board "51"]

1. d4 d5 2. c4 Nc6 3. Nf3 e6 4. g3 Nf6 5. Bg2 dxc4 6. O-O Rb8 7. a4 a6 8. a5 b5 9. axb6 cxb6 10. b3 cxb3 11. Qxb3 Bb7 12. Rd1 Na5 13. Qa4+ Bc6 14. Qc2 Be4 15. Qa4+ Qd7 16. Qa2 Bd5 17. Qb2 Nc4 18. Qc3 Rc8 19. Rxa6 Qb5 20. Qa1 Bb4 21. Qa4 Bc6 22. Qa1 Na5 23. Ra7 O-O 24. Na3 Qxe2 25. Bd2 Bxf3 26. Bxf3 Qxf3 27. Bxb4 Nb3 28. Qb1 Ng4 29. Be1 Rfd8 30. Rd3 1-0


[Site "https://www.chess.com"]

[Event "Titled Tuesday Blitz June 13 Early 2023"]
[White "Sadykov, Ramil"]
[Black "Palczert, Matyas"]
[WhiteFideId "24113590"]
[BlackFideId "784958"]
[WhiteElo "2245"]
[BlackElo "2224"]
[Result "0-1"]
[Round "11"]
[TimeControl "180+2"]
[Date "2023.06.13"]
[WhiteClock "0:00:00"]
[BlackClock "0:00:12"]
[Board "52"]

1. Nf3 c5 2. g3 Nc6 3. Bg2 d5 4. d4 cxd4 5. Nxd4 e5 6. Nxc6 bxc6 7. c4 Nf6 8. Nc3 Be6 9. cxd5 cxd5 10. Bg5 e4 11. Bxf6 gxf6 12. Qa4+ Qd7 13. Qxd7+ Kxd7 14. Rd1 Bb4 15. Bxe4 Bxc3+ 16. bxc3 Kc6 17. Bf3 Kc5 18. Rb1 Rab8 19. Kd2 Bf5 20. Rb3 a5 21. Rd1 a4 22. Rb4 Rxb4 23. cxb4+ Kxb4 24. Bxd5 Rd8 25. Ke1 Bc2 26. Rd2 Kc3 27. f3 a3 28. e4 Bb1 29. g4 Rb8 30. Bxf7 Rb2 31. Rd6 Bxa2 32. Bxa2 Rxa2 33. Rxf6 Rxh2 34. Ra6 a2 35. g5 Rh1+ 36. Kf2 a1=Q 37. Rxa1 Rxa1 38. Ke3 Re1+ 39. Kf4 Kd4 40. Kf5 Rf1 41. f4 Ke3 42. g6 hxg6+ 43. Kxg6 Kxe4 44. f5 Rxf5 0-1


[Site "https://www.chess.com"]

[Event "Titled Tuesday Blitz June 13 Early 2023"]
[White "Ajay Karthikeyan"]
[Black "Estrada Nieto, Julian"]
[WhiteFideId "35011685"]
[BlackFideId "5101018"]
[WhiteElo "2321"]
[BlackElo "2161"]
[Result "0-1"]
[Round "11"]
[TimeControl "180+2"]
[Date "2023.06.13"]
[WhiteClock "0:01:38"]
[BlackClock "0:00:20"]
[Board "53"]

1. e4 e5 2. Nf3 Nc6 3. Bb5 a6 4. Ba4 Nf6 5. O-O Be7 6. Re1 b5 7. Bb3 d6 8. c3 O-O 9. h3 Bb7 10. d4 Re8 11. Nbd2 Bf8 12. Ng5 Re7 13. a4 h6 14. Ngf3 Re8 15. axb5 axb5 16. Rxa8 Qxa8 17. d5 Na5 18. Bc2 c6 19. b4 Nc4 20. Nxc4 bxc4 21. dxc6 Bxc6 22. Nd2 d5 23. exd5 Bxd5 24. Ne4 Nxe4 25. Bxe4 Bxe4 26. Qg4 Bg6 27. Qxc4 Qc8 28. Qxc8 Rxc8 29. Rxe5 Rxc3 30. Bd2 Rc2 31. Rd5 Rb2 32. Rd8 f6 33. Be3 Rb1+ 34. Kh2 Kf7 35. Bc5 Bxc5 36. bxc5 Bf5 37. g4 Be6 38. f4 f5 39. c6 Rc1 40. Rd6 Ke7 41. Rd2 Rxc6 42. g5 hxg5 43. fxg5 Kf7 44. Rd4 Kg6 45. h4 Kh5 46. Rf4 Rc4 47. Kg3 Rxf4 48. Kxf4 Kxh4 49. Ke5 Bc8 50. g6 Kg5 51. Kd6 Kxg6 52. Kc7 Kg5 53. Kd8 f4 54. Kc7 f3 55. Kb8 f2 56. Ka7 f1=Q 57. Kb8 Kf6 58. Kc7 Bh3 59. Kd6 g5 60. Kc7 g4 61. Kd6 Qd3+ 62. Kc5 Ke5 63. Kb4 Qc2 64. Ka3 Qb1 65. Ka4 Kd5 66. Ka3 Kc4 67. Ka4 Qb4# 0-1


[Site "https://www.chess.com"]

[Event "Titled Tuesday Blitz June 13 Early 2023"]
[White "Zochowski, Kacper"]
[Black "Slavin, Alexey"]
[WhiteFideId "1125494"]
[BlackFideId "24104388"]
[WhiteElo "2235"]
[BlackElo "2264"]
[Result "1-0"]
[Round "11"]
[TimeControl "180+2"]
[Date "2023.06.13"]
[WhiteClock "0:00:45"]
[BlackClock "0:00:01"]
[Board "54"]

1. Nf3 Nc6 2. d4 Nf6 3. c4 d6 4. d5 Ne5 5. Nxe5 dxe5 6. Nc3 e6 7. e4 exd5 8. cxd5 a6 9. a4 Bd6 10. Be2 h6 11. O-O O-O 12. Be3 Bd7 13. Qd2 Ng4 14. Bxg4 Bxg4 15. f3 Bd7 16. g4 b6 17. Ne2 Kh7 18. Ng3 Rh8 19. Kh1 Qe7 20. Rg1 Kg8 21. Nf5 Bxf5 22. gxf5 Kh7 23. Rg3 Rhg8 24. Rag1 Bc5 25. Rh3 Bxe3 26. Qxe3 Qd6 27. b3 a5 28. Rhg3 Rab8 29. Rc1 Qa3 30. Rc6 Qa1+ 31. Rg1 Qb2 32. Rxc7 b5 33. Rxf7 Rbf8 34. Rxf8 Rxf8 35. Qa7 Rg8 36. f6 Qd4 37. Rxg7+ Kh8 38. Rh7# 1-0


[Site "https://www.chess.com"]

[Event "Titled Tuesday Blitz June 13 Early 2023"]
[White "Afanasieva, Alexandra"]
[Black "Howell, David W L"]
[WhiteFideId "34126926"]
[BlackFideId "410608"]
[WhiteElo "1736"]
[BlackElo "2567"]
[Result "0-1"]
[Round "11"]
[TimeControl "180+2"]
[Date "2023.06.13"]
[WhiteClock "0:00:39"]
[BlackClock "0:00:06"]
[Board "55"]

1. e4 e6 2. d4 d5 3. Nc3 dxe4 4. Nxe4 Nd7 5. Nf3 Ngf6 6. Nxf6+ Nxf6 7. Bd3 c5 8. c3 cxd4 9. cxd4 Bb4+ 10. Bd2 Qa5 11. O-O Bxd2 12. Qxd2 Qxd2 13. Nxd2 Bd7 14. Rac1 Ke7 15. Ne4 Bc6 16. Nxf6 gxf6 17. b4 a6 18. a4 Kd6 19. b5 axb5 20. axb5 Bd5 21. Rc3 Ra4 22. Rfc1 Rxd4 23. Bf1 h5 24. Rc7 e5 25. h3 Ra8 26. Rc8 Rxc8 27. Rxc8 h4 28. g3 Rb4 29. Bg2 Bxg2 30. Kxg2 hxg3 31. fxg3 Rxb5 32. h4 e4 33. h5 Rxh5 34. Rf8 Ke7 35. Rb8 Rb5 36. Kf2 Rb3 37. Ke2 f5 0-1


[Site "https://www.chess.com"]

[Event "Titled Tuesday Blitz June 13 Early 2023"]
[White "Becerra, Juan David"]
[Black "Gharibyan, Mamikon"]
[WhiteFideId "4404998"]
[BlackFideId "13308300"]
[WhiteElo "2304"]
[BlackElo "2445"]
[Result "0-1"]
[Round "11"]
[TimeControl "180+2"]
[Date "2023.06.13"]
[WhiteClock "0:01:39"]
[BlackClock "0:02:18"]
[Board "56"]

1. e4 e6 2. d4 d5 3. Nd2 c5 4. exd5 Qxd5 5. Ngf3 cxd4 6. Bc4 Qd6 7. O-O Nc6 8. Nb3 Nf6 9. Nbxd4 Nxd4 10. Nxd4 a6 11. Be2 Qc7 12. Bf3 Bd6 13. h3 Bd7 14. Re1 O-O-O 15. c3 e5 16. Nb3 e4 17. Bxe4 Bg4 18. hxg4 Bh2+ 0-1


[Site "https://www.chess.com"]

[Event "Titled Tuesday Blitz June 13 Early 2023"]
[White "Zemlyanskii, Ivan"]
[Black "Thecourseoisildur"]
[WhiteFideId "24249971"]
[WhiteElo "2421"]
[BlackElo "2584"]
[Result "1-0"]
[Round "11"]
[TimeControl "180+2"]
[Date "2023.06.13"]
[WhiteClock "0:00:09"]
[BlackClock "0:00:00"]
[Board "57"]

1. d4 Nf6 2. c4 g6 3. h4 c5 4. d5 e6 5. e4 d6 6. Nc3 exd5 7. exd5 Bg7 8. Be2 O-O 9. h5 Re8 10. h6 Bh8 11. Bg5 Qa5 12. Kf1 a6 13. a4 Ne4 14. Nxe4 Rxe4 15. b3 Nd7 16. Bd3 Rd4 17. Ra2 Ne5 18. Rd2 Qxd2 19. Bxd2 Rxd3 20. Ne2 Bg4 21. Qc2 Bf5 22. Qa2 Re8 23. Nf4 Rd4 24. f3 Bb1 25. Qxb1 Rxd2 26. Kg1 Nxf3+ 27. Kf1 Re1+ 28. Qxe1 Nxe1 29. Kxe1 Rb2 30. Rh3 Be5 31. Re3 Kf8 32. Nd3 Rb1+ 33. Kd2 Bd4 34. Rf3 Rxb3 35. Ne1 Rxf3 36. Nxf3 Bf6 37. g4 Ke7 38. g5 Be5 39. Nxe5 dxe5 40. Ke3 f6 41. gxf6+ Kxf6 42. a5 Ke7 43. Ke4 Kd6 44. Ke3 Kc7 45. Ke4 b6 46. axb6+ Kxb6 47. Kxe5 a5 48. d6 a4 49. Ke6 a3 50. d7 a2 51. d8=Q+ Kb7 52. Qd1 1-0


[Site "https://www.chess.com"]

[Event "Titled Tuesday Blitz June 13 Early 2023"]
[White "Hayrapetyan, Hovik"]
[Black "ATM622"]
[WhiteFideId "13302639"]
[WhiteElo "2348"]
[BlackElo "2581"]
[Result "0-1"]
[Round "11"]
[TimeControl "180+2"]
[Date "2023.06.13"]
[WhiteClock "0:00:27"]
[BlackClock "0:02:04"]
[Board "58"]

1. d4 Nf6 2. c4 e6 3. Nc3 Bb4 4. Nf3 d5 5. Qa4+ Nc6 6. a3 Bxc3+ 7. bxc3 O-O 8. Bg5 h6 9. Bh4 Bd7 10. cxd5 exd5 11. e3 Re8 12. Qc2 Na5 13. Ne5 Be6 14. Bd3 c5 15. O-O Rc8 16. f4 cxd4 17. exd4 Qc7 18. f5 Bd7 19. Bxf6 gxf6 20. Ng4 Kg7 21. Rac1 h5 22. Nf2 Nc4 23. Bxc4 Qxc4 24. Nh3 Re2 25. Qd1 Ba4 26. Qxe2 Qxe2 27. Rce1 Qd2 28. Nf4 Kh6 0-1


[Site "https://www.chess.com"]

[Event "Titled Tuesday Blitz June 13 Early 2023"]
[White "Czerw, Dawid"]
[Black "Aradhya, Garg"]
[WhiteFideId "1145746"]
[BlackFideId "25006746"]
[WhiteElo "2144"]
[BlackElo "2263"]
[Result "0-1"]
[Round "11"]
[TimeControl "180+2"]
[Date "2023.06.13"]
[WhiteClock "0:00:00"]
[BlackClock "0:00:55"]
[Board "59"]

1. e4 e5 2. Nf3 Nc6 3. Bb5 a6 4. Ba4 Bc5 5. O-O d6 6. c3 Bd7 7. d4 Ba7 8. Bxc6 Bxc6 9. dxe5 Bxe4 10. exd6 cxd6 11. Re1 d5 12. Be3 Bxe3 13. Rxe3 Nf6 14. Nbd2 O-O 15. Nb3 Ng4 16. Re1 Qc7 17. Nbd4 Rfe8 18. h3 Nf6 19. Qb3 Nh5 20. Re3 Nf4 21. Rae1 h6 22. Qd1 Re7 23. Ne2 Bxf3 24. Rxf3 Rae8 25. Re3 Rxe3 26. fxe3 Rxe3 27. Nxf4 Qxf4 28. Rxe3 Qxe3+ 29. Kh1 Qe4 30. Qb3 b5 31. Qa3 Qa4 32. Qc5 Qc4 33. Qe7 g6 34. Qe5 Qxa2 35. b4 Qb1+ 36. Kh2 Qe4 37. Qd6 Qe6 38. Qd8+ Kg7 39. Qa8 Qe5+ 40. Kg1 Qxc3 41. Qxa6 Qxb4 42. Kh2 Qf4+ 43. Kg1 Qd4+ 44. Kh2 b4 45. Qb5 Qc3 46. Qe8 b3 47. h4 b2 48. h5 b1=Q 49. hxg6 Qxg6 0-1


[Site "https://www.chess.com"]